 Dungeon Crawl Stone Soup version 0.29.1-12-g30fa7ad0bf (webtiles) character file.

Game seed: 4144352457670718953

10005 venomsnake the Cleaver (level 11, 0/148 (153) HPs)
             Began as a Minotaur Berserker on Dec 11, 2022.
             Was an Elder of Trog.
             Slain by a 12-headed hydra (11 damage)
             ... on level 11 of the Dungeon on Dec 16, 2022.
             The game lasted 00:35:14 (12788 turns).

venomsnake the Cleaver (Minotaur Berserker)        Turns: 12788, Time: 00:35:14

HP:   0/148 (153)   AC: 20    Str: 26    XL:     11   Next: 30%
MP:   10/10         EV: 10    Int:  4    God:    Trog [****..]
Gold: 727           SH:  5    Dex: 10    Spells: 10/10 levels left

rFire   . . .      SeeInvis .   L - +0 war axe
rCold   . . .      Faith    .   (no shield)
rNeg    . . .      Spirit   .   M - +0 plate armour
rPois   .          Reflect  +   (helmet restricted)
rElec   .          Harm     .   c - +2 cloak
rCorr   +          Rampage  .   q - +0 pair of gloves
Will    .....      Clarity  +   (no boots)
Stlth   .......... Rnd*Tele +   N - amulet of reflection
HPRegen 0.34/turn               z - ring of resist corrosion
MPRegen 0.12/turn               G - ring of flight

@: berserking, flying, studying Ranged Weapons, lightly drained, very quick
A: horns 2, retaliatory headbutt, clarity, shaggy fur 1, teleportitis 1,
inability to read after injury 1
a: Renounce Religion, Berserk, Trog's Hand, Brothers in Arms


You were on level 11 of the Dungeon.
You worshipped Trog.
Trog was greatly pleased with you.
You visited 1 branch of the dungeon, and saw 11 of its levels.
You also visited: Ossuary.

You collected 727 gold pieces.

Inventory:

Hand Weapons
 C - a +2 hand axe of electrocution
 L - a +0 war axe (weapon)
Missiles
 n - 96 stones (quivered)
Armour
 c - a +2 cloak (worn)
 q - a +0 pair of gloves (worn)
 M - a +0 plate armour (worn)
Jewellery
 z - a ring of resist corrosion (left hand)
 G - a ring of flight (right hand)
 I - a ring of protection from fire
 N - an amulet of reflection (around neck)
Wands
 b - a wand of light (5)
 g - a wand of paralysis (11)
 l - a wand of mindburst (3)
 D - a wand of polymorph (7)
 H - a wand of flame (26)
Scrolls
 d - 3 scrolls of identify
 f - 7 scrolls of blinking {unknown}
 h - a scroll of magic mapping {unknown}
 i - 2 scrolls of immolation {unknown}
 m - 2 scrolls of amnesia {unknown}
 o - a scroll of silence {unknown}
 w - a scroll of brand weapon {unknown}
 x - 3 scrolls of enchant weapon {unknown}
 y - 4 scrolls of poison
 A - 2 scrolls of noise {unknown}
 J - a scroll of vulnerability {unknown}
 K - 2 scrolls of enchant armour {unknown}
 O - 8 scrolls of teleportation
 P - a scroll of summoning {unknown}
Potions
 a - a potion of degeneration {unknown}
 e - a potion of magic {unknown}
 j - a potion of haste {unknown}
 k - 3 potions of mutation
 p - 3 potions of flight {unknown}
 r - 7 potions of ambrosia
 s - 2 potions of berserk rage {unknown}
 t - 2 potions of cancellation {unknown}
 u - 9 potions of curing
 v - 4 potions of might {unknown}
 B - 3 potions of lignification {unknown}
 E - a potion of resistance {unknown}
 F - 3 potions of heal wounds {unknown}
 Q - a potion of brilliance {unknown}


   Skills:
 + Level 11.3 Fighting
 + Level 11.3 Axes
 + Level 10.9 Armour
 + Level 10.1 Dodging


You had 10 spell levels left.
You didn't know any spells.
Your spell library was empty.

Dungeon Overview and Level Annotations

Branches:
Dungeon (11/15)            Temple (0/1) D:4            Lair (0/5) D:8
Ossuary (visited)
    Orc: D:9-12

Altars:
Cheibriados
Elyvilon
Gozag
Nemelex Xobeh
Okawaru
Ru
Sif Muna
Trog
Uskayaw
Xom

Annotations:
D:4 1 runed translucent door, Crazy Yiuf


Innate Abilities, Weirdness & Mutations

You have a pair of horns on your head.
You reflexively headbutt those who attack you in melee.
You possess an exceptional clarity of mind.
You are covered in fur. (AC +1)
You are occasionally teleported next to monsters.
You occasionally lose the ability to read scrolls when taking damage.


Message History

The 11-headed hydra bites you but does no damage.
The 11-headed hydra closely misses you.
The 11-headed hydra bites you but does no damage.
The 11-headed hydra bites you!
* * * LOW HITPOINT WARNING * * *
The 11-headed hydra bites you but does no damage.
The 11-headed hydra completely misses you.
The 11-headed hydra bites you but does no damage. x2
You block the 11-headed hydra's attack.
The 11-headed hydra bites you but does no damage.
You slice one of the 11-headed hydra's heads off!
The ten-headed hydra grows two more!
You slice the 12-headed hydra!! You headbutt the 12-headed hydra!
The 12-headed hydra is severely wounded.
The 12-headed hydra bites you!
* * * LOW HITPOINT WARNING * * *
The 12-headed hydra bites you.
* * * LOW HITPOINT WARNING * * *
The 12-headed hydra bites you.
* * * LOW HITPOINT WARNING * * *
The 12-headed hydra bites you but does no damage.
The 12-headed hydra barely misses you.
The 12-headed hydra bites you but does no damage.
The 12-headed hydra closely misses you. The 12-headed hydra bites you!
* * * LOW HITPOINT WARNING * * *
The 12-headed hydra bites you!
* * * LOW HITPOINT WARNING * * *
You block the 12-headed hydra's attack.
The 12-headed hydra bites you but does no damage.
The 12-headed hydra barely misses you.
You barely miss the 12-headed hydra. You headbutt the 12-headed hydra!
The 12-headed hydra is almost dead.
You completely miss the 12-headed hydra.
The 12-headed hydra is almost dead.
The 12-headed hydra bites you but does no damage. x2
The 12-headed hydra bites you!
* * * LOW HITPOINT WARNING * * *
The 12-headed hydra bites you but does no damage. x2
The 12-headed hydra bites you!
You die...

########....##########.....#
.......#....#.. #.....#
.......#....#.. #.....#
.......#....#.. #.....#
.......'....#.. #.....#
.......######..#######.....#
...........##........#.....#
...........##..D.....#.....#
...........##...@....#.....#
#####'###########....#.....#
............# #....'.....#
..#####.....# #....#.###.#
..#####...#.# #....#.....#
..........#.# .......#.....#
..<.........# ###....#.###.#
############# #....#.# .#
#....#..


You could see a 12-headed hydra.

Vanquished Creatures
  Nergalle (D:10)
  Maurice (D:9)
  An unseen horror (D:11)
  A troll (D:9)
  2 wraiths
  Eustachio (D:6)
  21 yaks
  2 wyverns (D:9)
  Edmund (D:5)
  A water moccasin (D:6)
  3 orc warriors
  A black bear (D:5)
  3 centaurs
  A phantom (D:7)
  4 kobold brigands
  Blork the orc (D:5)
  2 necrophages (D:5)
  A gnoll sergeant (D:7)
  A bullfrog (D:8)
  3 scorpions (D:5)
  2 water moccasin zombies (Ossuary)
  8 wights (D:6)
  5 killer bees (D:8)
  2 jellies (D:6)
  4 orc priests
  Ijyb (D:4)
  3 iguanas
  7 orc wizards
  2 mummies (Ossuary)
  2 adders
  3 gnolls (D:7)
  A white imp (D:7)
  An ufetubus (D:5)
  5 adder zombies (Ossuary)
  2 worms
  A dart slug (D:4)
  40 orcs
  3 bats
  8 endoplasms
  2 giant cockroaches
  4 gnoll zombies (Ossuary)
  14 goblins
  8 hobgoblins
  5 jackals (D:4)
  19 kobolds
  2 quokkas
  5 ball pythons
  A frilled lizard (D:1)
  A goblin zombie (D:8)
  5 hobgoblin zombies (Ossuary)
  9 kobold zombies (Ossuary)
  4 orc zombies (Ossuary)
  A rat (D:2)
  A rat zombie (D:8)
233 creatures vanquished.

Vanquished Creatures (collateral kills)
  2 two-headed ogres
  A skeletal warrior (D:10)
  A bullfrog (D:8)
4 creatures vanquished.

Vanquished Creatures (others)
  4 fungi (D:8)
  5 plants (D:8)
9 creatures vanquished.

Grand Total: 246 creatures vanquished

Notes
Turn   | Place    | Note
-------+----------+-------------------------------------------
     0 | D:1      | venomsnake the Minotaur Berserker began the quest for the
                  | Orb.
     0 | D:1      | Reached XP level 1. HP: 19/19 MP: 0/0
     0 | D:1      | Upgraded the game from 0.29.1-4-g47bece8355 to
                  | 0.29.1-12-g30fa7ad0bf
    68 | D:1      | You fall into a shaft and drop 1 floor!
   169 | D:2      | Found a snail-covered altar of Cheibriados.
   270 | D:2      | Reached XP level 2. HP: 27/27 MP: 1/1
  1068 | D:1      | Reached XP level 3. HP: 33/33 MP: 2/2
  1146 | D:1      | Reached ** piety under Trog
  1168 | D:1      | Found a faded altar of an unknown god.
  2279 | D:3      | Found an iron altar of Okawaru.
  2976 | D:4      | Found a shimmering blue altar of Sif Muna.
  3067 | D:4      | Noticed a kobold brigand
  3075 | D:4      | Killed a kobold brigand
  3076 | D:4      | Reached XP level 4. HP: 38/41 MP: 3/3
  3106 | D:4      | Found a staircase to the Ecumenical Temple.
  3111 | D:4      | Identified the +11 whip "Sefeps" {vorpal, Dex+4}
  3171 | D:4      | Found an opulent altar of Gozag.
  3218 | D:4      | Reached XP level 5. HP: 47/47 MP: 4/4
  3243 | D:4      | Noticed Ijyb
  3256 | D:4      | Killed Ijyb
  3369 | D:4      | Reached skill level 5 in Fighting
  3369 | D:4      | Reached skill level 5 in Axes
  3442 | D:4      | Reached *** piety under Trog
  3712 | D:4      | Reached XP level 6. HP: 47/56 MP: 5/5
  4044 | D:4      | Found a runed translucent door.
  4045 | D:4      | Noticed Crazy Yiuf
  4328 | D:5      | Entered Level 5 of the Dungeon
  4555 | D:5      | Found a sparkling altar of Nemelex Xobeh.
  4694 | D:5      | Reached skill level 5 in Armour
  4694 | D:5      | Reached XP level 7. HP: 54/62 MP: 6/6
  4795 | D:5      | Noticed Edmund
  4812 | D:5      | Killed Edmund
  4911 | D:5      | Reached skill level 5 in Dodging
  5339 | D:5      | Noticed Blork the orc
  5346 | D:5      | Killed Blork the orc
  5831 | D:6      | Reached XP level 8. HP: 51/71 MP: 7/7
  6403 | D:6      | Reached **** piety under Trog
  6481 | D:6      | Identified the +3 ring mail "Edamups" {rC- Str+4 Slay+3}
  6576 | D:6      | Noticed Eustachio
  6580 | D:6      | Killed Eustachio
  7359 | D:7      | Reached XP level 9. HP: 75/81 MP: 8/8
  7435 | D:7      | Found a flagged portal.
  7528 | D:7      | Found a sacrificial altar of Ru.
  8341 | D:8      | Found a sand-covered staircase.
  8354 | Ossuary  | Entered an ossuary
  8463 | Ossuary  | Reached ***** piety under Trog
  8746 | D:8      | Noticed a two-headed ogre
  8752 | D:8      | Killed a two-headed ogre
  8753 | D:8      | Reached XP level 10. HP: 91/91 MP: 9/9
  9110 | D:8      | Identified the +3 ring mail of Foolhardiness {*Slow rCorr
                  | Str+7}
  9610 | D:8      | Found a staircase to the Lair.
  9878 | D:9      | Reached skill level 10 in Fighting
  9878 | D:9      | Reached skill level 10 in Axes
  9980 | D:9      | Noticed a two-headed ogre
  9984 | D:9      | Killed a two-headed ogre
 10044 | D:9      | Noticed Maurice
 10083 | D:9      | Gained mutation: You are covered in fur. (AC +1) [potion of
                  | mutation]
 10083 | D:9      | Gained mutation: You possess an exceptional clarity of
                  | mind. [potion of mutation]
 10083 | D:9      | Gained mutation: You have hidden genetic defects. [potion
                  | of mutation]
 10096 | D:9      | HP: 6/139 [poisoned by Maurice]
 10099 | D:9      | Killed Maurice
 10099 | D:9      | HP: 2/93 [poisoned by Maurice]
 10514 | D:9      | Reached skill level 10 in Armour
 10604 | D:9      | Found a shimmering altar of Xom.
 10607 | D:9      | Found a white marble altar of Elyvilon.
 10607 | D:9      | Found a shadowy altar of Dithmenos.
 10609 | D:9      | Found a hide-covered altar of Uskayaw.
 10609 | D:9      | Found an iron altar of Okawaru.
 10609 | D:9      | Found a sacrificial altar of Ru.
 10870 | D:9      | Gained mutation: You are occasionally teleported next to
                  | monsters. [hidden defects]
 11180 | D:9      | Found a bloodstained altar of Trog.
 11231 | D:10     | Entered Level 10 of the Dungeon
 11235 | D:10     | Noticed a skeletal warrior
 11300 | D:10     | Killed a skeletal warrior
 11423 | D:10     | Reached XP level 11. HP: 101/101 MP: 10/10
 11436 | D:10     | Gained mutation: You occasionally lose the ability to read
                  | scrolls when taking damage. [hidden defects]
 11436 | D:10     | Lost mutation: You have hidden genetic defects. [hidden
                  | defects expressed]
 11750 | D:10     | Reached skill level 10 in Dodging
 12233 | D:10     | Noticed Nergalle
 12250 | D:10     | Killed Nergalle
 12776 | D:11     | Noticed an eight-headed hydra
 12788 | D:11     | Slain by a 12-headed hydra

Illustrated notes

Levels and vault maps discovered:
D:1:      minmay_arrival_open_corners, layout_loops_corners,
          shapermc_ecumenical_altar_mp_urbaneastern
D:2:      layout_loops_cross, basic_altar
D:3:      layout_basic, mainiacjoe_overflow_surrounded_room, eino_tiny_chamber,
          corexii_shack, kennysheep_generic_room_15
D:4:      layout_basic, mainiacjoe_overflow_24_doors,
          mainiacjoe_overflow_small_starburst, minmay_temple_entry_sparse_star,
          kennysheep_small_spiral, uniq_ijyb, uniq_crazy_yiuf_cottage
D:5:      cheibrodos_quashed, layout_basic, lemuel_doored_altar, minivault_1,
          uniq_blork_the_orc, uniq_edmund
D:6:      layout_loops_corners, uniq_eustachio
D:7:      nicolae_BIG_FREAKIN_CUBE, layout_basic, nicolae_ru_path_of_blood,
          enter_bailey_5
D:8:      layout_basic, dpeg_oklobed_lair, enter_ossuary_4
D:9:      layout_roguey, doesnt_xom_only_xom, marbit_many_paths, uniq_maurice
D:10:     layout_roguey, wad_dig_loot, uniq_nergalle
D:11:     minmay_spotlight, layout_stronghold, ebering_ghost_inner_flame

Skill      XL: |  1  2  3  4  5  6  7  8  9 10 11 |
---------------+----------------------------------+-----
Fighting       | 4 5 6 7 9 10 11 | 11.3
Axes           | 4 5 6 7 9 10 11 | 11.3
Armour         | 3 4 5 6 7 9 10 | 10.9
Dodging        | 3 4 5 6 8 9 10 | 10.1

Action                   |  1- 3 |  4- 6 |  7- 9 | 10-12 || total
-------------------------+-------+-------+-------+-------++-------
Melee: Hand axe          |   103 |   111 |   286 |       ||   500
       Headbutt          |    12 |    17 |    55 |    45 ||   129
       Punch             |       |     2 |     4 |     2 ||     8
       War axe           |       |       |     1 |   197 ||   198
Invok: Berserk           |       |       |     1 |     4 ||     5
       Brothers in Arms  |       |       |     1 |     2 ||     3
Evoke: Wand              |       |       |       |     2 ||     2
  Use: Scroll            |       |       |     4 |       ||     4
       Potion            |       |       |       |     2 ||     2
Armor: Animal skin       |     6 |       |       |       ||     6
       Ring mail         |    40 |    56 |    27 |       ||   123
       Scale mail        |       |       |    63 |       ||    63
       Plate armour      |       |       |     1 |   153 ||   154
Dodge: Dodged            |    66 |    72 |   134 |    73 ||   345
Block: Other             |       |       |       |    50 ||    50
       Reflection        |       |       |       |     4 ||     4
